 Dungeon Crawl Stone Soup version 0.19.0-24-gb05acd6 (webtiles) character file.

13 XO4YCPATb the Changer (level 2, 0/12 HPs)
             Began as a Felid Transmuter on Nov 20, 2016.
             Slain by a leopard gecko (5 damage)
             ... on level 1 of the Dungeon.
             The game lasted 00:00:57 (478 turns).

XO4YCPATb the Changer (Felid Transmuter)             Turns: 478, Time: 00:00:58

Health: 0/12       AC:  1    Str:  6    XL:     2   Next: 24%
Magic:  6/6        EV: 18    Int: 14    God:
Gold:   22         SH:  0    Dex: 16    Spells: 2 memorised, 2 levels left
                                        Lives:  0   Deaths: 0

rFire  . . .     SeeInvis +       - Unarmed
rCold  . . .     Gourm    .     (armour unavailable)
rNeg   . . .     Faith    +     (shield unavailable)
rPois  .         Spirit   .     (helmet unavailable)
rElec  .         Reflect  .     (cloak unavailable)
rCorr  .         Harm     .     (gloves unavailable)
MR     .....                    (boots unavailable)
Stlth  ++........               e - amulet of faith
                                (no ring)
                                (no ring)

@: quick
A: no armour, no weapons or thrown items, stealth, claws 1, fangs 3, see
invisible, carnivore 3, speed 1, shaggy fur 1, slow metabolism 1, sharp paws
a: no special abilities


You were on level 1 of the Dungeon.
You were completely stuffed.

You visited 1 branch of the dungeon, and saw 2 of its levels.

You collected 22 gold pieces.

Inventory:

Missiles
 a - 12 arrows
Jewellery
 e - an amulet of faith (around neck)
Scrolls
 g - 2 scrolls of teleportation {unknown}
 h - a scroll of remove curse {unknown}
Potions
 d - a potion of mutation {unknown}
 i - a potion of berserk rage {unknown}
Books
 b - a book of Changes

   Spells                             Type                      Level
   a - Beastly Appendage              Transmutation                1
   b - Sticks to Snakes               Transmutation                2
   c - Spider Form                    Transmutation/Poison         3
   d - Ice Form                       Ice/Transmutation            4
   e - Blade Hands                    Transmutation                5
Comestibles
 c - a meat ration
 f - 5 chunks of flesh
 j - a slice of pizza


   Skills:
 - Level 1.0 Fighting
 - Level 2.6 Dodging
 - Level 3.0 Unarmed Combat
 - Level 2.0 Spellcasting
 + Level 3.2 Transmutations


You had 2 spell levels left.
You knew the following spells:

 Your Spells              Type           Power        Failure   Level  Hunger
a - Beastly Appendage     Tmut           ##....       10%         1    ##.....
b - Sticks to Snakes      Tmut           ##......     12%         2    ###....


Dungeon Overview and Level Annotations

Branches:
Dungeon (2/15)

Altars:


Innate Abilities, Weirdness & Mutations

You cannot wear armour.
You are incapable of wielding weapons or throwing items.
Your paws allow you to move quietly. (Stealth)
You have sharp claws.
You have razor-sharp teeth.
You have supernaturally acute eyesight. (SInv)
You are carnivorous and can eat meat at any time.
You cover ground quickly.
You are covered in fur. (AC +1)
You have a slow metabolism.
Your sharp claws are effective at attacking unaware monsters.


Message History

You closely miss the leopard gecko.
The leopard gecko completely misses you.
You closely miss the leopard gecko. Your bite misses the leopard gecko.
The leopard gecko completely misses you.
You completely miss the leopard gecko. The leopard gecko bites you.
You scratch the leopard gecko but do no damage.
The leopard gecko misses you.
You scratch the leopard gecko.
The leopard gecko is moderately wounded.
The leopard gecko misses you. The leopard gecko closely misses you.
You barely miss the leopard gecko. You bite the leopard gecko.
The leopard gecko is severely wounded.
The leopard gecko bites you.
You closely miss the leopard gecko.
The leopard gecko is severely wounded.
The leopard gecko misses you.
You miss the leopard gecko. Your bite misses the leopard gecko.
The leopard gecko is severely wounded.
The leopard gecko bites you.
You die...

######## #.. #......#
#.# ##.####.######.#
#####.......##......
###........##.##.###.#
#.....#..#.##.##.# #.#
#.....#..#.......# #..
#.............#### ###
#....@#..####.####
#...l.#..........#
########.#.......#
##..........#
####...........#
#..............#
#.##...........#
#.###.........># #.#
##.#......##


You could see a leopard gecko.

Vanquished Creatures
  A dart slug (D:1)
  A giant cockroach (D:1)
  3 goblins (D:1)
  2 hobgoblins (D:1)
  A bat (D:1)
  A kobold (D:1)
  2 rats (D:1)
11 creatures vanquished.

Notes
Turn   | Place    | Note
-------+----------+-------------------------------------------
     0 | D:1      | XO4YCPATb the Felid Transmuter began the quest for the Orb.
     0 | D:1      | Reached XP level 1. HP: 9/9 MP: 4/4
   193 | D:1      | Reached XP level 2. HP: 12/12 MP: 4/6
   201 | D:1      | Learned a level 2 spell: Sticks to Snakes
   478 | D:1      | Slain by a leopard gecko

Skill      XL: |  1 |
---------------+----+-----
Transmutations | 3 |  3.2
Fighting       | |  1.0
Dodging        | |  2.6
Unarmed Combat | |  3.0
Spellcasting   | |  2.0

Action                   || total
-------------------------++-------
Melee: Unarmed           ||    33
       Bite              ||     3
       Headbutt          ||     2
 Cast: Beastly Appendage ||     2
 Stab: Sleeping          ||     4
  Eat: Chunk             ||     6
Armor: Skin              ||     1
Dodge: Dodged            ||    26
